 Dungeon Crawl Stone Soup version 0.24.0-1-gfbc8707 (webtiles) character file.

Game seed: 4740101005223248413, levelgen mode: deterministic

14483 shmeve the Cleaver (level 11, -3/100 (101) HPs)
             Began as a Minotaur Berserker on Nov 4, 2019.
             Was a High Priest of Trog.
             Slain by a manticore (17 damage)
             ... on level 12 of the Dungeon.
             The game lasted 00:30:02 (11734 turns).

shmeve the Cleaver (Minotaur Berserker)            Turns: 11734, Time: 00:30:03

HP:   -3/100 (101)  AC: 13    Str: 24    XL:     11   Next: 89%
MP:   10/10         EV:  8    Int:  6    God:    Trog [*****.]
Gold: 1380          SH:  8    Dex: 15    Spells: 10/10 levels left

rFire    . . .     SeeInvis .   D - +0 broad axe
rCold    + . .     Gourm    .   E - +2 buckler
rNeg     . . .     Faith    .   h - +0 plate armour
rPois    .         Spirit   .   (helmet restricted)
rElec    .         Reflect  .   (no cloak)
rCorr    .         Harm     .   (no gloves)
MR       ++...     NoCast   +   I - -1 pair of boots of Purpose {-Cast Regen+ Int+2 Dex+4}
Stlth    ..........             b - amulet of regeneration
HPRegen  2.06/turn              B - ring of protection from cold
MPRegen  0.12/turn              C - ring of stealth

@: barbed spikes, berserk cooldown, regenerating, heavily drained
A: retaliatory headbutt, horns 2
a: Berserk, Trog's Hand, Brothers in Arms, Renounce Religion


You were on level 12 of the Dungeon.
You worshipped Trog.
Trog was extremely pleased with you.
You were hungry.

You visited 2 branches of the dungeon, and saw 13 of its levels.
You also visited: Sewer and Bailey.

You collected 1380 gold pieces.

Inventory:

Hand Weapons
 D - a +0 broad axe (weapon)
Missiles
 e - 44 boomerangs (quivered)
 A - 4 silver javelins
 M - 4 javelins
Armour
 h - a +0 plate armour (worn)
 E - a +2 buckler (worn)
 I - the -1 pair of boots of Purpose (worn) {-Cast Regen+ Int+2 Dex+4}
   (You found it in a bailey)

   It affects your intelligence (+2).
   It affects your dexterity (+4).
   It prevents spellcasting.
   It increases your rate of regeneration.
Jewellery
 b - an amulet of regeneration (around neck)
 B - a ring of protection from cold (left hand)
 C - a ring of stealth (right hand)
Wands
 o - a wand of digging (11)
 J - a wand of iceblast (13)
Scrolls
 a - 2 scrolls of fog {unknown}
 d - 11 scrolls of remove curse
 l - 10 scrolls of identify {unknown}
 m - a scroll of enchant armour {unknown}
 n - 5 scrolls of teleportation {unknown}
 q - 7 scrolls of magic mapping
 s - 5 scrolls of immolation {unknown}
 v - 3 scrolls of blinking {unknown}
 y - a scroll of fear {unknown}
 z - 4 scrolls of amnesia {unknown}
 G - a scroll of vulnerability {unknown}
 H - 2 scrolls of random uselessness {unknown}
 L - a scroll of holy word {unknown}
Potions
 f - 6 potions of curing {unknown}
 g - 6 potions of degeneration {unknown}
 i - a potion of lignification {unknown}
 j - 4 potions of might {unknown}
 k - a potion of mutation {unknown}
 p - a potion of haste
 r - 4 potions of agility
 t - 5 potions of flight
 u - 7 potions of heal wounds {unknown}
 w - 2 potions of resistance {unknown}
 x - a potion of berserk rage {unknown}
 F - a potion of brilliance {unknown}
Comestibles
 c - 27 rations


   Skills:
 * Level 10.6(8.8) Fighting
 * Level 14.7(12.8) Axes
 + Level 3.8(2.4) Throwing
 + Level 8.8(7.1) Armour
 + Level 4.3(2.9) Dodging
 * Level 10.0(8.3) Shields


You had 10 spell levels left.
You didn't know any spells.
Your spell library was empty.

Dungeon Overview and Level Annotations

Branches:
Dungeon (12/15)            Temple (1/1) D:7            Lair (0/6) D:8
  Sewer (visited)          Bailey (visited)
    Orc: D:9-12

Altars:
Ashenzari
Cheibriados
Dithmenos
Elyvilon
Fedhas
Gozag
Hepliaklqana
Kikubaaqudgha
Makhleb
Nemelex Xobeh
Okawaru
Qazlal
Ru
Sif Muna
Trog
Uskayaw
Vehumet
Wu Jian
Xom
Yredelemnul
Zin
The Shining One

Annotations:
D:11 Sonja


Innate Abilities, Weirdness & Mutations

You reflexively headbutt those who attack you in melee.
You have a pair of horns on your head.


Message History

The gargoyle hits you with a +0 morningstar!
* * * LOW HITPOINT WARNING * * *
You slash the gargoyle!
You destroy the gargoyle!
Trog accepts your kill.
Unknown command.
Your skin crawls.
You feel resistant to hostile enchantments.
You are feeling hungry.
The orc hits you but does no damage.
You slice the orc!!
You kill the orc!
Trog accepts your kill.
You hit the manticore. The manticore closely misses you.
The manticore claws you but does no damage. x2
Unknown command.
You slash the manticore! You headbutt the manticore.
The manticore is heavily wounded.
You barely miss the worker ant. The manticore bites you!
You die...

#.#)}"/??!#.#
##.#########.#
.............#
.###.).......#
.# #########.##
.# ##.#.##### .#
#...#....# .#
#...###.###.##$#
.# #.#.
#...@>...# .## #
# #.#.aH......
..#
.)##.#.####..
.## ### #.#.o#
## #.##.# ..>.
..# #. #### ..#
.. ## ##.# #.. .


You could see a manticore, a worker ant and an orc.

Vanquished Creatures
  Erolcha (D:12)
  Urug (D:11)
  A slime creature (D:12)
  Pikel (D:5)
  2 orc knights (Bailey)
  A deep elf mage (D:12)
  A cyclops (D:11)
  A centaur zombie (D:10)
  A gargoyle (D:12)
  Psyche (D:8)
  2 trolls
  A merfolk (D:10)
  Grinder (D:4)
  Prince Ribbit (D:8)
  3 hippogriffs
  4 yaks (D:10)
  A wyvern (D:10)
  2 wargs (D:8)
  Duvessa (D:5)
  A water moccasin (D:11)
  An ice beast (D:8)
  10 orc warriors
  3 sky beasts
  2 black bears
  5 ogres
  A hornet zombie (D:8)
  2 necrophages
  3 slaves (D:5)
  2 phantoms
  An eye of draining (D:8)
  8 centaurs
  6 big kobolds
  10 bullfrogs
  Dowan (D:5)
  5 scorpions
  10 killer bees (D:9)
  3 howler monkeys (D:9)
  6 crimson imps
  A bullfrog zombie (D:8)
  2 jellies
  3 centaur skeletons
  Crazy Yiuf (D:7)
  8 orc priests
  2 hounds
  8 iguanas
  Jessica (D:3)
  9 worker ants
  6 orc wizards (D:8)
  3 worker ant zombies
  Robin (D:3)
  5 gnolls
  14 adders
  2 river rats (D:3)
  4 shadow imps
  3 oozes
  An adder skeleton (D:4)
  8 worms
  7 leopard geckos
  31 orcs
  6 giant cockroaches
  22 goblins
  15 hobgoblins
  12 jackals
  4 quokkas
  3 ball pythons
  A ball python skeleton (D:6)
  7 bats
  11 frilled lizards
  42 kobolds
  7 rats
357 creatures vanquished.

Vanquished Creatures (others)
  A slave (D:5)
1 creature vanquished.

Grand Total: 358 creatures vanquished

Notes
Turn   | Place    | Note
-------+----------+-------------------------------------------
     0 | D:1      | shmeve the Minotaur Berserker began the quest for the Orb.
     0 | D:1      | Reached XP level 1. HP: 19/19 MP: 0/0
   426 | D:1      | Reached skill level 4 in Axes
   426 | D:1      | Reached XP level 2. HP: 27/27 MP: 1/1
  1072 | D:2      | Reached XP level 3. HP: 25/34 MP: 2/2
  1334 | D:2      | Reached XP level 4. HP: 29/41 MP: 3/3
  1636 | D:2      | Reached ** piety under Trog
  1748 | D:2      | Reached skill level 5 in Axes
  2023 | D:3      | Found a bloodstained altar of Trog.
  2024 | D:3      | Noticed Jessica
  2033 | D:3      | Killed Jessica
  2033 | D:3      | Reached skill level 5 in Fighting
  2033 | D:3      | Reached skill level 1 in Throwing
  2033 | D:3      | Reached XP level 5. HP: 48/48 MP: 4/4
  2177 | D:3      | Reached skill level 6 in Axes
  2473 | D:3      | Reached XP level 6. HP: 51/56 MP: 5/5
  2485 | D:3      | Found a glowing drain.
  2496 | Sewer    | Entered a sewer
  2533 | Sewer    | Reached *** piety under Trog
  2705 | Sewer    | Reached skill level 7 in Axes
  2807 | D:3      | Noticed Robin
  2813 | D:3      | Reached XP level 7. HP: 62/62 MP: 6/6
  2820 | D:3      | Killed Robin
  3305 | D:4      | Reached **** piety under Trog
  3521 | D:4      | Reached skill level 8 in Axes
  3734 | D:4      | Noticed Grinder
  3761 | D:4      | Killed Grinder
  3761 | D:4      | Reached skill level 9 in Axes
  3841 | D:4      | Found a shimmering blue altar of Sif Muna.
  4192 | D:5      | Entered Level 5 of the Dungeon
  4256 | D:5      | Reached XP level 8. HP: 71/71 MP: 7/7
  4258 | D:5      | Noticed Pikel
  4271 | D:5      | Killed Pikel
  4271 | D:5      | Reached skill level 10 in Axes
  4271 | D:5      | Reached skill level 5 in Armour
  4352 | D:5      | Noticed Dowan
  4353 | D:5      | Noticed Duvessa
  4361 | D:5      | Killed Duvessa
  4362 | D:5      | Killed Dowan
  4401 | D:5      | Reached skill level 11 in Axes
  5219 | D:5      | Reached XP level 9. HP: 72/79 MP: 8/8
  5624 | D:6      | Got a smoking leather armour
  5635 | D:6      | Identified the cursed +1 leather armour of Whack-A-Mole
                  | {rN+ Int+3 Dex+4} (You found it on level 6 of the Dungeon)
  5672 | D:6      | Reached skill level 12 in Axes
  6126 | D:7      | Found a staircase to the Ecumenical Temple.
  6150 | Temple   | Entered the Ecumenical Temple
  6726 | D:7      | Found a runed translucent door.
  6727 | D:7      | Noticed Crazy Yiuf
  6779 | D:7      | Killed Crazy Yiuf
  7172 | D:8      | Found a blossoming altar of Fedhas.
  7194 | D:8      | Noticed Psyche
  7206 | D:8      | Killed Psyche
  7206 | D:8      | Reached skill level 13 in Axes
  7231 | D:8      | Reached XP level 10. HP: 51/90 MP: 2/9
  7316 | D:8      | Noticed Prince Ribbit
  7493 | D:8      | Found a staircase to the Lair.
  7505 | D:8      | Reached ***** piety under Trog
  7577 | D:8      | Killed Prince Ribbit
  7652 | D:8      | Received a gift from Trog
  7731 | D:8      | Found a stormy altar of Qazlal.
  7751 | D:8      | Found a basalt altar of Yredelemnul.
  7751 | D:8      | Found a burning altar of Makhleb.
  8093 | D:9      | Reached skill level 1 in Shields
  8654 | D:9      | Reached skill level 5 in Shields
  8959 | D:10     | Entered Level 10 of the Dungeon
  9333 | D:10     | Reached skill level 14 in Axes
  9333 | D:10     | Reached XP level 11. HP: 93/96 MP: 10/10
  9434 | D:10     | Found a flagged portal.
  9445 | Bailey   | Entered a bailey
  9453 | Bailey   | Noticed an orc knight
  9453 | Bailey   | Noticed an orc knight
  9551 | Bailey   | Killed an orc knight
  9560 | Bailey   | Killed an orc knight
  9562 | Bailey   | Received a gift from Trog
  9723 | Bailey   | Got a pair of ancient boots
  9729 | Bailey   | Identified the -1 pair of boots of Purpose {-Cast Regen+
                  | Int+2 Dex+4} (You found it in a bailey)
 10975 | D:11     | Noticed Urug
 10990 | D:11     | Killed Urug
 10990 | D:11     | Reached skill level 10 in Fighting
 11255 | D:11     | Noticed Sonja
 11474 | D:12     | Noticed a deep elf mage
 11492 | D:12     | Killed a deep elf mage
 11675 | D:12     | Noticed Erolcha
 11685 | D:12     | Killed Erolcha
 11685 | D:12     | Reached skill level 10 in Shields
 11734 | D:12     | Slain by a manticore

Levels and vault maps discovered:
D:1:      nicolae_arrival_somewhat_less_tricky_arrival, layout_basic
D:2:      layout_loops_ring, minmay_misc_feat_tower
D:3:      layout_basic, bloody_trog, first_ration, portal_sewer_entry_b,
          serial_curves, eino_curves_02, eino_curves_02, eino_curves_02,
          eino_curves_01, corexii_leaking_fountain,
          chequers_serial_rivers_small_a, uniq_robin, uniq_jessica
D:4:      layout_gridville, kennysheep_mini_moat,
          eino_small_chamber_without_monster, uniq_grinder
D:5:      layout_layer_cave, uniq_duvessa, uniq_pikel
D:6:      layout_basic, minmay_misc_feat_doors
D:7:      layout_loops_corners, minmay_temple_entry_grid,
          uniq_crazy_yiuf_cottage
D:8:      layout_rooms, lemuel_coloured_pillars_altar,
          gammafunk_temple_overflow_statue, erik_lair_orcish_takeover,
          basic_altar, uniq_prince_ribbit1, uniq_psyche
D:9:      layout_cave_pods
D:10:     layout_layer_cave, enter_bailey_2, hangedman_stone_soup,
          wad_floor_pattern_untrapped
D:11:     layout_stronghold, uniq_sonja, uniq_urug
D:12:     layout_loops_ring, erik_orc_3, onia_ninara_dug_in_and_dangerous,
          uniq_erolcha
Temple:   minmay_temple_bridge_d

Skill      XL: |  1  2  3  4  5  6  7  8  9 10 11 |
---------------+----------------------------------+-----
Fighting       | 4 5 6 7 8 9 10 | 10.6
Axes           | 4 5 6 7 9 11 13 14 | 14.7
Throwing       | 1 2 3 |  3.8
Armour         | 3 4 5 7 8 |  8.8
Shields        | 8 10 | 10.0
Dodging        | 4 |  4.3

Action                   |  1- 3 |  4- 6 |  7- 9 | 10-12 || total
-------------------------+-------+-------+-------+-------++-------
Melee: Hand axe          |    67 |   148 |   206 |    34 ||   455
       Headbutt          |    12 |    30 |    66 |    93 ||   201
       War axe           |       |       |    73 |   246 ||   319
       Broad axe         |       |       |       |   164 ||   164
Throw: Boomerang         |    24 |    26 |     5 |    50 ||   105
Invok: Berserk           |       |     3 |     6 |    11 ||    20
       Trog's Hand       |       |       |     4 |     6 ||    10
  Use: Scroll            |       |       |     3 |       ||     3
       Potion            |       |       |       |     2 ||     2
 Stab: Distracted        |       |       |       |     1 ||     1
  Eat: Chunk             |     1 |     7 |    10 |    18 ||    36
       Ration            |       |       |     3 |     3 ||     6
Armor: Plate armour      |    30 |    95 |   148 |   203 ||   476
Dodge: Dodged            |    27 |    75 |    91 |   172 ||   365
Block: Buckler           |       |       |       |   129 ||   129
